 Dungeon Crawl Stone Soup version 0.25-a0-413-g3b4b6a4ccc (webtiles) character file.

Game seed: 17242034447702386383, levelgen mode: deterministic

142 MisterFreud the Skirmisher (level 5, -2/50 HPs)
             Began as a Hill Orc Abyssal Knight on Jan 14, 2020.
             Was a Believer of Lugonu.
             Slain by Grinder (5 damage)
             ... on level 3 of the Dungeon.
             The game lasted 00:06:36 (2765 turns).

MisterFreud the Skirmisher (HOAK)                   Turns: 2765, Time: 00:06:36

Health: -2/50      AC: 12    Str: 16    XL:     5   Next: 24%
Magic:  6/6        EV:  4    Int: 12    God:    Lugonu [**....]
Gold:   16         SH:  0    Dex: 10    Spells: 4/4 levels left

rFire    . . .     SeeInvis .   a - +1 hand axe
rCold    . . .     Gourm    .   (no shield)
rNeg     . . .     Faith    .   q - +0 plate armour
rPois    .         Spirit   .   (no helmet)
rElec    .         Reflect  .   r - +0 cloak
rCorr    .         Harm     .   (no gloves)
MR       .....                  (no boots)
Stlth    ..........             (no amulet)
HPRegen  0.16/turn              v - ring of attention (curse)
MPRegen  0.10/turn              (no ring)

@: no status effects
A: no striking features
a: Depart the Abyss, Bend Space, Renounce Religion


You were on level 3 of the Dungeon.
You worshipped Lugonu.
Lugonu was pleased with you.
You were hungry.

You visited 1 branch of the dungeon, and saw 4 of its levels.
You visited the Abyss 1 time.

You collected 110 gold pieces.
You spent 94 gold pieces at shops.

Inventory:

Hand Weapons
 a - a +1 hand axe (weapon)
 h - a +0 battleaxe
Missiles
 f - 44 arrows
 j - 28 bolts
 p - 68 stones (quivered)
 s - 9 poisoned darts
 u - a boomerang of dispersal
Armour
 b - a +0 chain mail
 g - a +0 ring mail
 q - a +0 plate armour (worn)
 r - a +0 cloak (worn)
Jewellery
 v - a cursed ring of attention (left hand)
Scrolls
 d - 2 scrolls of enchant armour {unknown}
 i - 2 scrolls of immolation {unknown}
 k - 2 scrolls of fog {unknown}
 m - a scroll of random uselessness {unknown}
 n - a scroll of amnesia {unknown}
 o - a scroll of remove curse {unknown}
 x - a scroll of fear {unknown}
Potions
 e - a potion of magic
 l - a potion of degeneration {unknown}
 z - a potion of haste {unknown}
 A - a potion of cancellation {unknown}
Comestibles
 c - 3 rations
 B - 4 chunks of flesh


   Skills:
 - Level 6.0 Fighting
 + Level 4.5 Axes
 - Level 2.1 Armour
 - Level 0.7 Dodging
 - Level 2.4 Invocations


You had 4 spell levels left.
You didn't know any spells.
Your spell library was empty.

Dungeon Overview and Level Annotations

Branches:
Dungeon (4/15)
 Temple: D:4-7

Altars:

Shops:
D:4 *

Annotations:
D:3 Grinder


Message History

Fire/throw which item? (* to show all) (? for menu, Esc to quit)
Throwing (i - inventory. (/) - cycle)
p - 69 stones (quivered)
Press: ? - help, Shift-Dir - straight line, f/p - Grinder
Aim: Grinder (severely wounded)
You throw a stone.
The stone hits Grinder but does no damage.
Grinder is severely wounded.
Grinder gestures at you. Pain shoots through your body!
* * * LOW HITPOINT WARNING * * *
Grinder gestures at you. Pain shoots through your body!
* * * LOW HITPOINT WARNING * * *
You slash Grinder!
Grinder is almost dead.
Grinder hits you but does no damage.
You barely miss Grinder.
Grinder is almost dead.
Grinder hits you but does no damage. Grinder hits you.
You die...

... #.# #.# #.# #.#
##.##############
##...##..........#
#...@5(..#######.####
#######....##.##
#........#
........#.#####
#.###.##.#
.########.# #.#
#.##.# #.# #.# #.##.#
##'## #.# #..#.#
##...## #.# ##.#.#
##.....## #.####.#.#
##...)...##
#........#


You could see Grinder.

Vanquished Creatures
  An orc wizard (D:4)
  4 adders
  An ooze (D:1)
  2 dart slugs
  5 orcs
  A giant cockroach (D:1)
  6 hobgoblins
  11 jackals
  4 kobolds
  A quokka (D:2)
  2 ball pythons (D:1)
  4 bats (D:1)
  4 goblins (D:1)
  5 rats
51 creatures vanquished.

Vanquished Creatures (others)
  An orc wizard (D:4)
1 creature vanquished.

Grand Total: 52 creatures vanquished

Notes
Turn   | Place    | Note
-------+----------+-------------------------------------------
     0 | Abyss:1  | MisterFreud the Hill Orc Abyssal Knight began the quest for
                  | the Orb.
     0 | Abyss:1  | Reached XP level 1. HP: 19/19 MP: 2/2
    44 | D:1      | Escaped the Abyss
   377 | D:1      | Reached skill level 4 in Fighting
   401 | D:1      | Reached XP level 2. HP: 27/27 MP: 3/3
   726 | D:1      | Reached XP level 3. HP: 32/35 MP: 4/4
   739 | D:1      | Reached skill level 5 in Fighting
   745 | D:1      | Reached ** piety under Lugonu
  1439 | D:2      | Reached XP level 4. HP: 44/44 MP: 5/5
  2047 | D:2      | You fall into a shaft and drop 2 floors!
  2190 | D:4      | Found Elenk's Assorted Antiques.
  2221 | D:4      | Reached skill level 6 in Fighting
  2242 | D:4      | Reached XP level 5. HP: 27/50 MP: 6/6
  2500 | D:4      | Bought a lumpy puce potion for 30 gold pieces
  2500 | D:4      | Bought a white potion for 30 gold pieces
  2500 | D:4      | Bought a scroll labeled WEPNAI NUGHU for 34 gold pieces
  2696 | D:3      | Noticed Grinder
  2699 | D:3      | Paralysed by Grinder for 2 turns
  2715 | D:3      | Paralysed by Grinder for 7 turns
  2755 | D:3      | Paralysed by Grinder for 4 turns
  2765 | D:3      | Slain by Grinder

Levels and vault maps discovered:
D:1:      kennysheep_arrival_forest, layout_basic, hangedman_decor_growths,
          minmay_pentomino_o2
D:2:      layout_basic, uniq_terence
D:3:      layout_loops_corners, first_ration, uniq_ijyb, uniq_grinder,
          uniq_jessica
D:4:      layout_loops_ring, serial_shops, shop, st_stairs_6, minmay_crossroads

Skill      XL: |  1  2  3  4 |
---------------+-------------+-----
Fighting       | 4 5 6 |  6.0
Axes           | 4 |  4.5
Armour         | |  2.1
Dodging        | |  0.7
Invocations    | |  2.4

Action                   |  1- 3 |  4- 6 || total
-------------------------+-------+-------++-------
Melee: Hand axe          |   132 |   126 ||   258
       Battleaxe         |       |    67 ||    67
Throw: Dart              |       |     1 ||     1
       Stone             |       |     1 ||     1
  Use: Scroll            |       |     4 ||     4
       Potion            |       |     3 ||     3
  Eat: Chunk             |     2 |     4 ||     6
Armor: Chain mail        |    33 |       ||    33
       Leather armour    |     2 |       ||     2
       Plate armour      |    98 |   179 ||   277
Dodge: Dodged            |    42 |    43 ||    85

Table legend:
 A = Non-vault XP
 B = Vault XP
 C = Vault XP percentage of total XP
 D = Non-vault monster count
 E = Vault monster count
 F = Vault count percentage of total count
                 A         B        C        D         E       F
            +---------+---------+-------+---------+---------+-------
      Total |     196 |       7 |   3.4 |      49 |       3 |   5.8
            +---------+---------+-------+---------+---------+-------
        D:1 |      49 |       4 |   7.5 |      28 |       2 |   6.7
        D:2 |      52 |       0 |   0.0 |      10 |       0 |   0.0
        D:3 |       9 |       0 |   0.0 |       4 |       0 |   0.0
        D:4 |      86 |       3 |   3.4 |       7 |       1 |  12.5
            +---------+---------+-------+---------+---------+-------
